Map: Oxide LE

Players

Kelazhur

  • Race: Terran Terran
  • Spawn Location: 7:00

Hurricane - Winner!

  • Race: Protoss Protoss
  • Spawn Location: 1:00

Event: IEM Katowice 2021

VOD

Have the link to the VOD?

Description

Time

  • Played on: Feb. 20, 2021, 12:54 p.m.
  • Length: 12:22

All games in this series

Show
View Real Time Build Order
Export as new Build Order

Kelazhur Terran 

Build Orders: Reaper Expand 

Get SALT Encoding   

  12  0:00  SCV  
  13  0:12  SCV  
  14  0:17  Supply Depot  
  14  0:24  SCV  
  15  0:38  SCV  
  15  0:40  Barracks  
  16  0:43  Refinery  
  16  0:50  SCV  
  17  1:02  SCV  
  18  1:15  SCV  
  19  1:27  Reaper  
  19  1:28  Orbital Command  
  20  1:40  Command Center  
  20  1:46  Supply Depot  
  20  1:54  SCV  
  20  1:59  Barracks Reactor  
  21  2:06  SCV  
  22  2:16  Bunker  
  22  2:18  SCV  
  23  2:29  Command Center  
  23  2:35  SCV  
  24  2:42  Marine x2  
  26  2:47  SCV  
  27  2:53  Engineering Bay, Orbital Command  
  27  2:59  SCV  
  27  3:00  Marine x2  
  30  3:12  SCV  
  31  3:13  Barracks  
  31  3:19  SCV  
  32  3:20  Marine, Terran Infantry Weapons Level 1  
  32  3:22  Marine  
  34  3:27  SCV  
  34  3:33  SCV  
  36  3:36  Barracks  
  36  3:39  SCV  
  37  3:42  Marine x2  
  37  3:45  Orbital Command  
  37  3:47  SCV  
  40  3:52  SCV  
  41  3:57  Factory  
  41  3:59  SCV  
  41  4:01  Marine x2, Barracks Tech Lab  
  44  4:04  SCV  
  45  4:10  Refinery  
  45  4:11  SCV  
  45  4:12  Refinery  
  45  4:16  SCV  
  47  4:17  SCV  
  47  4:20  Missile Turret  
  47  4:23  SCV  
  49  4:26  Stimpack, Marine x2  
  49  4:27  Marauder  
  49  4:28  SCV  
  49  4:29  Barracks Tech Lab  
  49  4:31  SCV  
  55  4:35  SCV  
  56  4:41  SCV  
  56  4:44  Supply Depot  
  56  4:45  SCV  
  58  4:47  Starport  
  58  4:51  SCV  
  58  4:53  SCV  
  58  4:54  Factory Reactor  
  58  4:55  Refinery  
  58  4:56  Marine  
  58  4:57  Marine  
  58  4:58  Supply Depot  
  61  5:05  SCV x3  
  61  5:06  Marauder x2  
  68  5:09  Supply Depot, Combat Shield  
  68  5:18  SCV  
  68  5:19  SCV, Marine x2  
  68  5:20  SCV  
  73  5:25  Supply Depot  
  73  5:34  Barracks, Terran Infantry Armor Level 1  
  73  5:35  Factory Reactor  
  73  5:36  Barracks  
  73  5:37  Marauder x2  
  73  5:41  SCV x2  
  73  5:42  SCV  
  80  5:43  Marine  
  80  5:44  Marine  
  80  5:46  Missile Turret  
  80  5:49  Medivac x2  
  86  5:55  Supply Depot  
  86  5:57  SCV  
  86  6:00  Marauder x2  
  86  6:03  SCV  
  92  6:05  Marine, Orbital Command  
  92  6:07  Missile Turret  
  92  6:09  Concussive Shells  
  93  6:14  Supply Depot x2  
  93  6:16  Marine  
  93  6:17  SCV, Supply Depot, Armory  
  95  6:19  SCV  
  95  6:22  Widow Mine x2  
  100  6:29  SCV  
  101  6:36  SCV x2, Marauder x2  
  106  6:40  Marine  
  106  6:41  SCV  
  106  6:42  Barracks Reactor, Barracks Tech Lab  
  105  6:48  SCV x2  
  105  6:49  Marine  
  105  6:54  SCV  
  107  6:58  Marauder x2  
  107  7:00  SCV  
  112  7:01  Engineering Bay  
  112  7:04  SCV, Supply Depot  
  112  7:06  SCV, Marauder  
  112  7:07  Medivac, Widow Mine x2  
  122  7:09  Marine x2  
  124  7:19  Marauder  
  124  7:20  Marauder  
  113  7:27  Marauder, Marine x2  
  113  7:28  SCV  
  112  7:32  Medivac  
  112  7:33  Widow Mine x2  
  112  7:35  Marine x2  
  116  7:37  Medivac  
  116  7:38  Refinery  
  116  7:39  Refinery  
  116  7:40  Marauder  
  116  7:41  Bunker  
  116  7:42  Marauder  
  116  7:43  Terran Infantry Weapons Level 2  
  122  7:44  Supply Depot  
  122  7:48  Marine x2  
  122  7:49  Marauder  
  126  7:57  Supply Depot  
  126  7:58  Command Center  
  126  8:02  Marauder  
  126  8:03  Medivac  
  130  8:06  Marine x3  
  130  8:07  Medivac, Marauder, Marine  
  130  8:11  Marauder  
  140  8:20  Terran Infantry Armor Level 2  
  140  8:23  Widow Mine, Marine  
  140  8:24  Marine x2  
  140  8:25  Barracks  
  140  8:26  Supply Depot  
  145  8:28  Marauder, Barracks x2, Marine x2  
  149  8:37  Marauder  
  149  8:40  Medivac  
  149  8:48  Marauder, Supply Depot, Marine x2, Widow Mine x2  
  157  8:56  Marine x2  
  157  9:01  Medivac, Marauder x2  
  153  9:09  Marine x2  
  157  9:10  Marauder, Viking, Ghost Academy  
  157  9:15  Widow Mine x2  
  163  9:19  SCV x3  
  163  9:22  Marine  
  163  9:23  Supply Depot  
  167  9:28  Missile Turret  
  167  9:30  Viking  
  167  9:31  Marauder x2  
  166  9:37  Marauder  
  160  9:52  Marauder x2, Viking  
  161  9:56  Missile Turret  
  161  9:59  Marauder, SCV x3  
  158  10:00  Viking  
  158  10:01  Planetary Fortress  
  158  10:08  Marine x2  
  158  10:09  Marine  
  158  10:10  Marine  
  158  10:11  SCV x2  
  166  10:25  Ghost x3  
  166  10:26  Enhanced Shockwaves  
  170  10:28  Barracks Tech Lab x2  
  170  10:37  Viking x2  
  170  10:38  Widow Mine  
  170  10:39  Widow Mine  
  170  10:40  Marine x2  
  170  10:41  Marine x2  
  182  10:48  Marauder  
  184  10:50  Barracks Reactor  
  184  10:54  Marauder x2  
  179  11:05  Marine  
  179  11:06  Marauder  
  141  11:11  Marauder x2, Marine x2  
  141  11:14  Marine  
  141  11:15  Marauder  
  141  11:17  Marauder  
  129  11:19  SCV x3  
  129  11:23  Marine  
  131  11:27  Marauder  
  131  11:29  Marine x2  
  131  11:32  Marine x2  
  135  11:33  Marauder x2  
  135  11:36  Marine  
  135  11:38  Marine  
  142  11:40  Viking  
  142  11:41  Viking  
  142  11:42  Marine  
  147  11:48  Marauder  
  147  11:53  Marine x5  
  150  11:54  Marauder x2  
  150  11:55  Marauder  
  150  11:57  Marauder  
  150  12:00  Marine  
Show
View Real Time Build Order
Export as new Build Order

Hurricane Protoss - Winner!

Build Orders: 1 Gate Expand, Blink Stalkers, Colossus Rush 

Get SALT Encoding   

  12  0:00  Probe  
  13  0:12  Probe  
  14  0:20  Pylon  
  14  0:24  Probe  
  15  0:38  Probe (Chrono Boost), Gateway  
  16  0:48  Assimilator, Probe (Chrono Boost)  
  17  0:53  Probe (Chrono Boost)  
  18  1:04  Probe  
  19  1:16  Probe  
  20  1:26  Cybernetics Core  
  20  1:33  Nexus  
  20  1:37  Probe  
  21  1:43  Pylon  
  21  1:50  Assimilator  
  21  1:51  Probe  
  22  1:59  Adept (Chrono Boost)  
  22  2:02  Warp Gate  
  22  2:04  Probe  
  25  2:16  Probe  
  25  2:22  Adept  
  28  2:31  Twilight Council  
  28  2:32  Probe  
  29  2:44  Probe  
  30  2:47  Probe  
  31  2:52  Robotics Facility  
  31  2:56  Probe (Chrono Boost)  
  32  2:59  Probe (Chrono Boost)  
  33  3:08  Probe (Chrono Boost)  
  33  3:10  Probe (Chrono Boost)  
  33  3:11  Blink (Chrono Boost)  
  35  3:14  Probe (Chrono Boost)  
  35  3:15  Probe (Chrono Boost)  
  37  3:22  Probe  
  37  3:25  Probe  
  37  3:26  Gateway  
  39  3:34  Probe  
  39  3:37  Probe  
  39  3:40  Observer (Chrono Boost)  
  42  3:47  Gateway  
  42  3:49  Assimilator, Probe x2  
  42  3:51  Assimilator  
  42  3:52  Stalker  
  42  3:53  Pylon  
  46  4:05  Pylon  
  46  4:12  Probe x2, Observer  
  49  4:23  Stalker x2  
  49  4:24  Probe x2  
  55  4:31  Robotics Bay  
  55  4:32  Forge  
  55  4:35  Observer (Chrono Boost)  
  55  4:36  Probe  
  57  4:41  Nexus  
  57  4:44  Observer, Probe  
  58  4:48  Probe  
  59  4:53  Warp Prism (Chrono Boost)  
  59  4:54  Pylon  
  61  5:01  Forge  
  61  5:03  Forge  
  62  5:07  Probe  
  62  5:09  Pylon  
  62  5:13  Probe  
  63  5:19  Probe  
  64  5:22  Colossus (Chrono Boost)  
  64  5:27  Probe  
  71  5:31  Probe  
  71  5:32  Pylon  
  71  5:34  Sentry  
  74  5:35  Extended Thermal Lance  
  74  5:38  Protoss Ground Weapons Level 1 (Chrono Boost)  
  74  5:43  Probe (Chrono Boost)  
  74  5:44  Protoss Ground Armor Level 1 (Chrono Boost)  
  74  5:47  Probe (Chrono Boost)  
  74  5:49  Charge  
  76  5:54  Adept, Probe (Chrono Boost)  
  76  5:55  Zealot  
  83  5:58  Probe (Chrono Boost)  
  83  5:59  Probe x2 (Chrono Boost)  
  84  6:07  Colossus (Chrono Boost), Probe  
  91  6:12  Stalker  
  91  6:16  Stalker  
  95  6:21  Stalker  
  97  6:29  Observer  
  97  6:33  Pylon, Shield Battery  
  97  6:36  Probe  
  97  6:39  Sentry  
  94  6:40  Zealot  
  94  6:45  Gateway  
  94  6:49  Gateway  
  94  6:50  Colossus (Chrono Boost)  
  94  6:51  Gateway  
  94  6:53  Probe  
  97  6:57  Gateway  
  97  7:00  Gateway  
  97  7:03  Pylon  
  97  7:05  Stalker x3, Observer  
  103  7:10  Observer  
  103  7:14  Photon Cannon  
  103  7:16  Pylon  
  95  7:29  Probe x2  
  95  7:34  Colossus (Chrono Boost)  
  95  7:35  Zealot x3  
  106  7:41  Gateway  
  106  7:43  Dark Shrine  
  106  7:44  Gateway  
  106  7:45  Pylon  
  106  7:47  Pylon  
  106  7:49  Observer  
  106  7:53  Sentry  
  106  7:54  Zealot x2  
  112  7:58  Pylon  
  112  8:01  Probe x2  
  112  8:02  Probe  
  111  8:05  Robotics Facility  
  111  8:12  Stalker x2, Sentry  
  113  8:14  Assimilator  
  113  8:15  Assimilator  
  113  8:18  Shield Battery, Photon Cannon  
  115  8:20  Pylon  
  115  8:29  Protoss Ground Weapons Level 2 (Chrono Boost)  
  115  8:31  Pylon  
  115  8:32  Probe  
  115  8:33  Probe  
  117  8:40  Pylon  
  117  8:43  Stalker, Zealot  
  117  8:44  Zealot x3  
  127  8:53  Protoss Ground Armor Level 2 (Chrono Boost)  
  127  8:56  Stalker  
  127  9:00  Pylon  
  127  9:02  Colossus (Chrono Boost)  
  129  9:03  Nexus  
  129  9:05  Pylon  
  129  9:07  Observer (Chrono Boost)  
  129  9:09  Probe x2  
  138  9:12  Dark Templar  
  138  9:16  Dark Templar  
  142  9:20  Shield Battery  
  142  9:21  Observer (Chrono Boost)  
  135  9:35  Stalker x4  
  142  9:45  Zealot x5  
  138  9:53  Observer (Chrono Boost)  
  138  9:57  Probe x3  
  138  9:59  Observer  
  136  10:00  Zealot x4, Sentry  
  136  10:02  Disruptor (Chrono Boost)  
  149  10:13  Disruptor (Chrono Boost)  
  152  10:15  Probe x3  
  152  10:16  Probe  
  156  10:28  Disruptor (Chrono Boost)  
  156  10:32  Pylon  
  159  10:40  Zealot x4, Sentry  
  159  10:41  Stalker x3  
  175  10:44  Disruptor  
  154  11:12  Zealot  
  148  11:20  Zealot x5  
  148  11:21  Zealot x4  
  148  11:22  Disruptor x2 (Chrono Boost)  
  164  11:37  Nexus  
  163  11:42  Stalker x3, Zealot x5  
  163  11:43  Zealot x2  
  183  11:58  Pylon  
  159  12:12  Zealot x6  
  159  12:13  Zealot x4  

Tags
 
Add a new tag
Caveats
  • Supply blocks, unpowered buildings, or Contaminate may cause inaccurate times.
  • Supply counts are checked every 10 seconds.